 Dungeon Crawl Stone Soup version 0.21.1-1-g345015f (webtiles) character file.

1208 tidbits the Charmwright (level 8, -3/64 HPs)
             Began as a Gnoll Skald on June 29, 2018.
             Slain by a troll (9 damage)
             ... on level 7 of the Dungeon.
             The game lasted 00:16:44 (1446 turns).

tidbits the Charmwright (Gnoll Skald)               Turns: 1446, Time: 00:16:45

Health: -3/64      AC:  4    Str: 13    XL:     8   Next: 45%
Magic:  13/17      EV: 15    Int: 17    God:
Gold:   73         SH:  0    Dex: 16    Spells: 7/19 levels left

rFire    . . .     SeeInvis +   a - +2 war axe
rCold    . . .     Gourm    .   (no shield)
rNeg     . . .     Faith    .   b - +1 leather armour
rPois    .         Spirit   .   (no helmet)
rElec    .         Reflect  .   (no cloak)
rCorr    .         Harm     .   (no gloves)
MR       .....                  (no boots)
Stlth    +.........             (no amulet)
HPRegen  0.20/turn              u - ring of see invisible
MPRegen  0.15/turn              (no ring)

@: confused, singing (expiring)
A: distributed training, fangs 1, strong nose
a: no special abilities


You were on level 7 of the Dungeon.
You were hungry.

You visited 1 branch of the dungeon, and saw 8 of its levels.
You also visited: Ossuary.

You collected 73 gold pieces.

Inventory:

Hand Weapons
 a - a +2 war axe (weapon)
 j - a +0 flail
 k - a +0 dagger
 t - a +0 trident
Missiles
 e - 32 arrows
 i - a tomahawk (quivered)
Armour
 b - a +1 leather armour (worn)
 f - a +0 robe of magic resistance
   (You took it off Dowan on level 6 of the Dungeon)
 q - a +0 ring mail of poison resistance
   (You took it off Ijyb on level 5 of the Dungeon)
Jewellery
 u - a ring of see invisible (left hand)
   (You found it on level 6 of the Dungeon)
Wands
 s - a wand of digging (19)
 y - a wand of random effects (8)
Scrolls
 m - 2 scrolls of immolation
 r - 5 scrolls of remove curse
 A - a scroll of noise
Potions
 g - 3 potions of ambrosia
 h - a potion of flight {unknown}
 l - a potion of mutation {unknown}
 n - 2 potions of brilliance {unknown}
 w - 2 potions of curing
 x - a potion of cancellation {unknown}
 z - 2 potions of degeneration {unknown}
 B - a potion of lignification {unknown}
Books
 d - a book of Battle

   Spells                             Type                      Level
   a - Infusion                       Charms                       1
   b - Shroud of Golubria             Charms/Translocation         2
   c - Song of Slaying                Charms                       2
   d - Spectral Weapon                Hexes/Charms                 3
   e - Regeneration                   Charms/Necromancy            3
 o - a book of Cantrips
   (You found it on level 2 of the Dungeon)

   Spells                             Type                      Level
   a - Confusing Touch                Hexes                        1
   b - Animate Skeleton               Necromancy                   1
   c - Summon Small Mammal            Summoning                    1
   d - Apportation                    Translocation                1
 p - a book of Changes
   (You found it on level 6 of the Dungeon)

   Spells                             Type                      Level
   a - Beastly Appendage              Transmutation                1
   b - Sticks to Snakes               Transmutation                2
   c - Spider Form                    Transmutation/Poison         3
   d - Ice Form                       Ice/Transmutation            4
   e - Blade Hands                    Transmutation                5
 v - a book of Misfortune
   (You found it on level 4 of the Dungeon)

   Spells                             Type                      Level
   a - Confusing Touch                Hexes                        1
   b - Confuse                        Hexes                        3
   c - Gell's Gravitas                Translocation                3
   d - Petrify                        Transmutation/Earth          4
   e - Metabolic Englaciation         Hexes/Ice                    5
   f - Yara's Violent Unravelling     Hexes/Transmutation          5
Comestibles
 c - 7 rations


   Skills:
 + Level 5.6 Fighting
 + Level 3.2 Short Blades
 + Level 3.2 Long Blades
 + Level 5.6 Axes
 + Level 3.2 Maces & Flails
 + Level 3.2 Polearms
 + Level 3.2 Staves
 + Level 3.2 Slings
 + Level 3.2 Bows
 + Level 3.2 Crossbows
 + Level 3.2 Throwing
 + Level 4.2 Armour
 + Level 5.6 Dodging
 + Level 3.2 Stealth
 + Level 3.2 Shields
 + Level 3.2 Unarmed Combat
 + Level 6.0 Spellcasting
 + Level 2.6 Conjurations
 + Level 2.6 Hexes
 + Level 6.1 Charms
 + Level 2.6 Summonings
 + Level 2.6 Necromancy
 + Level 2.6 Translocations
 + Level 2.6 Transmutations
 + Level 2.6 Fire Magic
 + Level 2.6 Ice Magic
 + Level 2.6 Air Magic
 + Level 2.6 Earth Magic
 + Level 2.6 Poison Magic
 + Level 3.5 Invocations
 + Level 3.2 Evocations


You had 7 spell levels left.
You knew the following spells:

 Your Spells              Type           Power        Failure   Level  Hunger
g - Shroud of Golubria    Chrm/Tloc      ###.......   3%          2    None
n - Animate Skeleton      Necr           N/A          5%          1    None
r - Regeneration          Chrm/Necr      ###.......   8%          3    ##.....
w - Spectral Weapon       Hex/Chrm       ###.....     8%          3    ##.....
y - Song of Slaying       Chrm           ####....     1%          2    None
A - Apportation           Tloc           ##....       5%          1    None


Dungeon Overview and Level Annotations

Branches:
Dungeon (8/15)
 Temple: D:4-7         Lair: D:8-11

Altars:
Uskayaw


Innate Abilities, Weirdness & Mutations

Your experience applies equally to all skills.
You have very sharp teeth.
Your uncanny sense of smell can sniff out nearby items.


Message History

You barely miss the iguana.
The iguana is severely wounded.
Your spectral weapon hits the iguana!
You kill the iguana!
Your adder skeleton closely misses the worker ant.
You hit the worker ant.
The worker ant is moderately wounded.
Your spectral weapon hits the worker ant!
The worker ant barely misses you.
Your adder skeleton barely misses the worker ant.
You barely miss the worker ant.
The worker ant is almost dead.
Your spectral weapon hits the worker ant!
You kill the worker ant!
Casting: Spectral Weapon
Confirm with . or Enter, or press ? or * to list all spells.
Your skin crawls.
Unknown command.
Found a hunting sling.
Your skin is crawling a little less now.
Found a glass ring.
You see here a book of Changes.
p - a book of Changes Your skin stops crawling.
Your spectral weapon fades away.
You see here a glass ring.
u - a glass ring Unknown command.
Your song is almost over.
Your song has ended.
You see here 17 stones.
There is a stone staircase leading down here.
You climb downwards.
Your mindless thrall stays behind.
There is a stone staircase leading up here.
Unknown command.
A crimson imp comes into view.
Casting: Regeneration
Confirm with . or Enter, or press ? or * to list all spells.
You draw out your weapon's spirit!
The crimson imp shouts!
Casting: Spectral Weapon
Confirm with . or Enter, or press ? or * to list all spells.
You start singing a song of slaying.
You hit the crimson imp but do no damage.
Your spectral weapon misses the crimson imp.
The crimson imp hits you but does no damage.
You hit the crimson imp.
The crimson imp is heavily wounded.
Your spectral weapon hits the crimson imp.
The crimson imp blinks!
Drop what? 28/52 slots (_ for help) (? for menu, Esc to quit)
Okay, then.
Put on which piece of jewellery? (? for menu, Esc to quit)
u - a ring of see invisible (left hand)
The crimson imp blinks!
A troll comes into view.
You are feeling hungry.
The troll shouts!
Evoke which item? (* to show all) (? for menu, Esc to quit)
Aiming: Random Effects
Press: ? - help, Shift-Dir - straight line, f - troll
Aim: a troll The troll flickers and vanishes for a moment.
A crimson imp comes into view.
Evoke which item? (* to show all) (? for menu, Esc to quit)
Aiming: Random Effects
Press: ? - help, Shift-Dir - straight line, f/p - troll
Aim: a troll (slightly transparent)
The troll seems to speed up.
The crimson imp blinks! x2
Okay, then.
You barely miss the troll. You bite the troll.
The troll is lightly wounded.
The troll bites you!
The troll claws you! x2; The troll closely misses you.
The troll barely misses you. The troll closely misses you.
You hit the troll but do no damage. The troll completely misses you.
The troll misses you. The troll claws you.
The crimson imp hits your spectral weapon but does no damage.
The troll bites you!
* * * LOW HITPOINT WARNING * * *
The troll closely misses you. x2
It was a potion of ambrosia.
You are confused.
You feel invigorated.
Your song is almost over.
The crimson imp hits your spectral weapon.
The troll bites you!
* * * LOW HITPOINT WARNING * * *
The troll barely misses you. x2
Unknown command.
You're too confused!
Unknown command.
You bump into the rock wall.
The troll closely misses you. The troll claws you!
* * * LOW HITPOINT WARNING * * *
The troll claws you.
* * * LOW HITPOINT WARNING * * *
The crimson imp blinks!
The crimson imp closely misses your spectral weapon.
The troll closely misses you. The troll completely misses you.
The troll claws you!
You die...

.........#..
.)....5..#.# #####.#.#
......§..#.# .... .#.#
.....<...#.# #.. ....
.........#.# #.# ..# §.
.........#.####.##..#.#.
........................
........................
.####.#.#.....5(@##.#
........##.#####T#
...........# #.#
...###....## #.# ...#
#.... #.# ...# #.... #.#
..... ... ##.... #.#


You could see a troll (invisible), a crimson imp and a friendly spectral war
axe.

Vanquished Creatures
  Duvessa (D:6)
  A sky beast (D:5)
  An ogre (D:5)
  A centaur (D:7)
  2 bullfrogs
  Dowan (D:6)
  3 howler monkeys
  A crimson imp (D:5)
  A bullfrog skeleton (D:3)
  2 hounds
  A jelly (D:5)
  A centaur skeleton (D:5)
  3 orc priests
  An orc wizard (D:3)
  Ijyb (D:5)
  2 iguanas
  3 worker ants
  2 adders
  2 oozes (D:2)
  2 adder skeletons (D:5)
  2 worms
  2 dart slugs
  A leopard gecko (D:2)
  11 orcs
  4 ball pythons
  3 giant cockroaches
  3 goblins (D:2)
  2 hobgoblins (D:2)
  13 jackals
  A bat (D:2)
  3 frilled lizards
  A jackal skeleton (D:5)
  3 kobolds
  4 rats
85 creatures vanquished.

Vanquished Creatures (others)
  A spectral weapon (D:3)
1 creature vanquished.

Grand Total: 86 creatures vanquished

Notes
Turn   | Place    | Note
-------+----------+-------------------------------------------
     0 | D:1      | tidbits the Gnoll Skald began the quest for the Orb.
     0 | D:1      | Reached XP level 1. HP: 20/20 MP: 6/6
    89 | D:1      | Reached XP level 2. HP: 14/26 MP: 1/7
    93 | D:1      | Learned a level 2 spell: Song of Slaying
    96 | D:1      | Learned a level 2 spell: Shroud of Golubria
   139 | D:2      | HP: 2/26 [leopard gecko (2)]
   141 | D:2      | Reached XP level 3. HP: 1/31 MP: 2/9
   141 | D:2      | Reached skill level 5 in Spellcasting
   174 | D:1      | Learned a level 3 spell: Regeneration
   178 | D:1      | Learned a level 3 spell: Spectral Weapon
   228 | D:2      | Reached skill level 1 in Invocations
   237 | D:2      | Reached skill level 1 in Short Blades
   237 | D:2      | Reached skill level 1 in Long Blades
   237 | D:2      | Reached skill level 1 in Maces & Flails
   237 | D:2      | Reached skill level 1 in Polearms
   237 | D:2      | Reached skill level 1 in Staves
   237 | D:2      | Reached skill level 1 in Slings
   237 | D:2      | Reached skill level 1 in Bows
   237 | D:2      | Reached skill level 1 in Crossbows
   237 | D:2      | Reached skill level 1 in Throwing
   237 | D:2      | Reached skill level 1 in Stealth
   237 | D:2      | Reached skill level 1 in Shields
   237 | D:2      | Reached skill level 1 in Unarmed Combat
   237 | D:2      | Reached skill level 1 in Evocations
   273 | D:2      | Learned a level 1 spell: Apportation
   300 | D:2      | Reached XP level 4. HP: 26/38 MP: 0/11
   404 | D:3      | Reached skill level 1 in Conjurations
   404 | D:3      | Reached skill level 1 in Hexes
   404 | D:3      | Reached skill level 1 in Summonings
   404 | D:3      | Reached skill level 1 in Necromancy
   404 | D:3      | Reached skill level 1 in Translocations
   404 | D:3      | Reached skill level 1 in Transmutations
   404 | D:3      | Reached skill level 1 in Fire Magic
   404 | D:3      | Reached skill level 1 in Ice Magic
   404 | D:3      | Reached skill level 1 in Air Magic
   404 | D:3      | Reached skill level 1 in Earth Magic
   404 | D:3      | Reached skill level 1 in Poison Magic
   404 | D:3      | Reached XP level 5. HP: 19/43 MP: 3/12
   410 | D:3      | Reached skill level 3 in Armour
   733 | D:4      | Found a sand-covered staircase.
   735 | D:5      | Entered Level 5 of the Dungeon
   755 | D:5      | Reached XP level 6. HP: 40/50 MP: 4/13
   761 | D:5      | Reached skill level 2 in Invocations
   767 | D:5      | Reached skill level 5 in Fighting
   767 | D:5      | Reached skill level 2 in Short Blades
   767 | D:5      | Reached skill level 2 in Long Blades
   767 | D:5      | Reached skill level 5 in Axes
   767 | D:5      | Reached skill level 2 in Maces & Flails
   767 | D:5      | Reached skill level 2 in Polearms
   767 | D:5      | Reached skill level 2 in Staves
   767 | D:5      | Reached skill level 2 in Slings
   767 | D:5      | Reached skill level 2 in Bows
   767 | D:5      | Reached skill level 2 in Crossbows
   767 | D:5      | Reached skill level 2 in Throwing
   767 | D:5      | Reached skill level 5 in Dodging
   767 | D:5      | Reached skill level 2 in Stealth
   767 | D:5      | Reached skill level 2 in Shields
   767 | D:5      | Reached skill level 2 in Unarmed Combat
   767 | D:5      | Reached skill level 2 in Evocations
   772 | D:5      | Learned a level 1 spell: Animate Skeleton
   825 | D:5      | Noticed Ijyb
   833 | D:5      | Killed Ijyb
   910 | D:4      | Reached XP level 7. HP: 56/56 MP: 10/15
   995 | Ossuary  | Entered an ossuary
  1055 | D:6      | Noticed a hand axe
  1055 | D:6      | Noticed a dagger
  1094 | D:6      | Noticed Dowan
  1095 | D:6      | Noticed Duvessa
  1102 | D:6      | Killed Duvessa
  1102 | D:6      | Reached skill level 2 in Conjurations
  1102 | D:6      | Reached skill level 2 in Hexes
  1102 | D:6      | Reached skill level 2 in Summonings
  1102 | D:6      | Reached skill level 2 in Necromancy
  1102 | D:6      | Reached skill level 2 in Translocations
  1102 | D:6      | Reached skill level 2 in Transmutations
  1102 | D:6      | Reached skill level 2 in Fire Magic
  1102 | D:6      | Reached skill level 2 in Ice Magic
  1102 | D:6      | Reached skill level 2 in Air Magic
  1102 | D:6      | Reached skill level 2 in Earth Magic
  1102 | D:6      | Reached skill level 2 in Poison Magic
  1108 | D:6      | Killed Dowan
  1128 | D:6      | Found a hide-covered altar of Uskayaw.
  1214 | D:5      | Reached skill level 3 in Invocations
  1226 | D:5      | Reached XP level 8. HP: 30/63 MP: 6/16
  1237 | D:5      | Reached skill level 6 in Charms
  1294 | D:6      | Reached skill level 3 in Short Blades
  1294 | D:6      | Reached skill level 3 in Long Blades
  1294 | D:6      | Reached skill level 3 in Maces & Flails
  1294 | D:6      | Reached skill level 3 in Polearms
  1294 | D:6      | Reached skill level 3 in Staves
  1294 | D:6      | Reached skill level 3 in Slings
  1294 | D:6      | Reached skill level 3 in Bows
  1294 | D:6      | Reached skill level 3 in Crossbows
  1294 | D:6      | Reached skill level 3 in Throwing
  1294 | D:6      | Reached skill level 4 in Armour
  1294 | D:6      | Reached skill level 3 in Stealth
  1294 | D:6      | Reached skill level 3 in Shields
  1294 | D:6      | Reached skill level 3 in Unarmed Combat
  1294 | D:6      | Reached skill level 3 in Evocations
  1347 | D:6      | Reached skill level 6 in Spellcasting
  1439 | D:7      | Noticed a troll
  1446 | D:7      | HP: 6/64 [troll (3)]
  1446 | D:7      | Slain by a troll

Skill      XL: |  1  2  3  4  5  6  7  8 |
---------------+-------------------------+-----
Spellcasting   | 5 6 |  6.0
Invocations    | 1 2 3 |  3.5
Short Blades   | 1 2 3 |  3.2
Long Blades    | 1 2 3 |  3.2
Maces & Flails | 1 2 3 |  3.2
Polearms       | 1 2 3 |  3.2
Staves         | 1 2 3 |  3.2
Slings         | 1 2 3 |  3.2
Bows           | 1 2 3 |  3.2
Crossbows      | 1 2 3 |  3.2
Throwing       | 1 2 3 |  3.2
Stealth        | 1 2 3 |  3.2
Shields        | 1 2 3 |  3.2
Unarmed Combat | 1 2 3 |  3.2
Evocations     | 1 2 3 |  3.2
Conjurations   | 1 2 |  2.6
Hexes          | 1 2 |  2.6
Summonings     | 1 2 |  2.6
Necromancy     | 1 2 |  2.6
Translocations | 1 2 |  2.6
Transmutations | 1 2 |  2.6
Fire Magic     | 1 2 |  2.6
Ice Magic      | 1 2 |  2.6
Air Magic      | 1 2 |  2.6
Earth Magic    | 1 2 |  2.6
Poison Magic   | 1 2 |  2.6
Armour         | 3 4 |  4.2
Fighting       | 5 |  5.6
Axes           | 5 |  5.6
Dodging        | 5 |  5.6
Charms         | 6 |  6.1

Action                   |  1- 3 |  4- 6 |  7- 9 || total
-------------------------+-------+-------+-------++-------
Melee: Hand axe          |    59 |    45 |       ||   104
       Bite              |     6 |     6 |     9 ||    21
       War axe           |       |    16 |    53 ||    69
       Punch             |       |       |     1 ||     1
Throw: Tomahawk          |       |     9 |     6 ||    15
 Cast: Infusion          |     2 |       |       ||     2
       Song of Slaying   |     4 |     4 |     5 ||    13
       Shroud of Golubri |     2 |     4 |     2 ||     8
       Spectral Weapon   |     2 |     9 |    11 ||    22
       Regeneration      |     1 |     3 |     3 ||     7
       Animate Skeleton  |       |     2 |     4 ||     6
Evoke: Wand              |       |       |     5 ||     5
  Use: Potion            |     2 |     1 |     2 ||     5
       Scroll            |       |     4 |     6 ||    10
 Stab: Sleeping          |       |     1 |       ||     1
       Distracted        |       |       |     2 ||     2
  Eat: Chunk             |       |     1 |     3 ||     4
Armor: Leather armour    |    16 |    12 |     8 ||    36
Dodge: Dodged            |    69 |    46 |    47 ||   162

Table legend:
 A = Turns spent in this place as a percentage of turns spent in the entire game.
 B = Non-inter-level travel turns spent in this place as a percentage of non-inter-level travel turns spent in the entire game.
 C = Inter-level travel turns spent in this place as a percentage of turns spent in this place.
 D = Turns resting spent in this place as a percentage of non-inter-level travel turns spent in this place.
 E = Turns spent auto-exploring this place as a percentage of non-inter-level travel turns spent in this place.
 F = Non-inter-level travel turns spent in this place divided by the number of levels of this place that you've seen.
                   A       B       C       D       E      F
               +-------+-------+-------+-------+-------+----------------------
         Total | 100.0 | 100.0 |   4.8 |   0.0 |   0.0 | 153.0
       Dungeon |  97.2 |  97.1 |   4.9 |   0.0 |   0.0 | 167.1
       Ossuary |   2.8 |   2.9 |   0.0 |   0.0 |   0.0 |  40.0
               +-------+-------+-------+-------+-------+----------------------

Table legend:
 A = Kills in this place as a percentage of kills in entire the game.
 B = Kills by you in this place as a percentage of kills by you in the entire game.
 C = Kills by friends in this place as a percentage of kills by friends in the entire game.
 D = Other kills in this place as a percentage of other kills in the entire game.
 E = Experience gained in this place as a percentage of experience gained in the entire game.
 F = Experience gained in this place divided by the number of levels of this place that you have seen.
                   A       B       C       D       E      F
               +-------+-------+-------+-------+-------+----------------------
         Total | 100.0 | 100.0 |   N/A |   N/A | 100.0 | 191.9
       Dungeon | 100.0 | 100.0 |   N/A |   N/A | 100.0 | 215.9
               +-------+-------+-------+-------+-------+----------------------

Vault maps used:
D:1:      doesnt_arrival_eight_statues
D:2:      first_ration, uniq_sigmund
D:4:      minitemple, nicolae_ossuary_entry_ruins, serial_shops, shop_statue
D:5:      cheibrodos_barr_body, eino_small_chamber_without_monster, uniq_ijyb
D:6:      dancing_weapons_uskayaw, serial_shops, shop, uniq_duvessa
D:7:      minmay_temple_entry_grid, grunt_ogre_cave
D:8:      special_room, st_stairs_11, uniq_gastronok, uniq_prince_ribbit1
Ossuary:  ossuary_minmay_four_chambers
